cohdb
Replays
Latest Replays
All Replays
Popular Replays
Top Player Replays
Match Explorer
How It Works
Community
CoH3 Stats
Reddit
Sign in to upload your games and track your stats! →
Sign in with Steam
Match 44094261
Unlisted
Match 44094261
Overview
Messages
Build Orders
End
Construct Infanterie Kompanie
Selects Luftwaffe Battlegroup
Selects Luftwaffe Pioneer Support
Fallschirmpioneer Squad Paradrop
MG 42 Machine Gun Team
GrW 34 Mortar Team
Fallschirmpioneer Squad Paradrop
Selects Stuka Strafing Run
Stuka Strafing Run
Grenadier Squad
Construct Panzergrenadier Kompanie
Slubbert
Joraad
Yoshiii
Leprecon rus
mickal21
Doukaiev
FixBayonets
derekjgray632
0
0
Comments
sign in to comment!
No comments posted yet!